 Dungeon Crawl Stone Soup version 0.25-a0-340-ga1faa1601d (webtiles) character file.

Game seed: 16105475338099076410, levelgen mode: deterministic

35 night the Gusty (level 3, 0/24 HPs)
             Began as a Demonspawn Air Elementalist on Dec 29, 2019.
             Succumbed to an adder's poison
             ... on level 2 of the Dungeon.
             The game lasted 00:04:37 (1630 turns).

night the Gusty (Demonspawn Air Elementalist)       Turns: 1630, Time: 00:04:38

Health: 0/24       AC:  2    Str:  8    XL:     3   Next: 16%
Magic:  0/6        EV: 12    Int: 22    God:
Gold:   77         SH:  0    Dex: 13    Spells: 6/7 levels left

rFire    + . .     SeeInvis .   f - +1 dagger
rCold    + . .     Gourm    .   (no shield)
rNeg     . . .     Faith    .   a - +0 robe
rPois    +         Spirit   .   (no helmet)
rElec    +         Reflect  .   (no cloak)
rCorr    +         Harm     .   (no gloves)
MR       .....                  (no boots)
Stlth    ++........             (no amulet)
HPRegen  0.08/turn              (no ring)
MPRegen  0.10/turn              (no ring)

@: brilliant, lethally poisoned (0 -> -6), resistant
A: hooves 1
a: no special abilities


You were on level 2 of the Dungeon.
You were not hungry.

You visited 1 branch of the dungeon, and saw 2 of its levels.

You collected 77 gold pieces.

Inventory:

Hand Weapons
 f - a +1 dagger (weapon)
Missiles
 b - 24 stones (quivered)
Armour
 a - a +0 robe (worn)
Jewellery
 d - an uncursed ring of stealth {unknown}
 i - a +2 ring of intelligence {unknown}
Scrolls
 h - a scroll of amnesia {unknown}
Comestibles
 c - 6 rations


   Skills:
 - Level 1.7 Dodging
 - Level 1.7 Stealth
 + Level 2.5 Spellcasting
 + Level 2.0 Conjurations
 + Level 3.1 Air Magic


You had 6 spell levels left.
You knew the following spells:

 Your Spells              Type           Power        Failure   Level  Hunger
a - Shock                 Conj/Air       ####         1%          1    None

Your spell library contained the following spells:

 Spells                   Type           Power        Failure   Level  Hunger
 Swiftness                Chrm/Air       ###.....     1%          2    ##.....
 Static Discharge         Conj/Air       ####....     1%          3    ###....
 Airstrike                Air            ####......   4%          4    ####...
 Lightning Bolt           Conj/Air       ####......   13%         5    ######.


Dungeon Overview and Level Annotations

Branches:
Dungeon (2/15)

Altars:


Innate Abilities, Weirdness & Mutations

You have large cloven feet.


Message History

You barely miss the adder. Your kick misses the adder.
The adder is severely wounded.
* * * LOW HITPOINT WARNING * * *
You feel sick. The adder closely misses you.
Casting: Shock (safe; 1% risk of failure)
Confirm with . or Enter, or press ? or * to list all spells.
Aiming: Shock (safe; 1% risk of failure)
Press: ? - help, Shift-Dir - straight line The zap hits the adder!
You kill the adder!
Your Conjurations skill increases to level 2!
You have reached level 3!
Your experience leads to an increase in your attributes!
Your base attributes are Str 8, Int 16, Dex 13.
Increase (S)trength, (I)ntelligence, or (D)exterity?
You feel clever.
Casting: Shock (safe; 1% risk of failure)
Confirm with . or Enter, or press ? or * to list all spells.
You don't have enough magic to cast that spell.
You die...

......<. .......
..... .... #..# .
#..### .. #.g##. #.
# #..##.######
.#..#.###..##.#.@.<#
......#....##.#.#..#
#.........##...g..#
#...##.#######.#..#
#.. #.#####......#
#.......#..#.#
#.....†......#
#.############ .K.#


There were no monsters in sight!

Vanquished Creatures
  An adder (D:2)
  An ooze (D:1)
  4 goblins (D:1)
  4 hobgoblins (D:1)
  2 kobolds
  3 bats (D:1)
  2 frilled lizards (D:1)
  2 rats (D:1)
19 creatures vanquished.

Notes
Turn   | Place    | Note
-------+----------+-------------------------------------------
     0 | D:1      | night the Demonspawn Air Elementalist began the quest for
                  | the Orb.
     0 | D:1      | Reached XP level 1. HP: 13/13 MP: 3/3
   576 | D:1      | Gained mutation: You have large cloven feet. [demonic
                  | ancestry]
   576 | D:1      | Reached XP level 2. HP: 19/19 MP: 0/5
  1156 | D:1      | Reached skill level 3 in Air Magic
  1629 | D:2      | Reached XP level 3. HP: 1/24 MP: 0/6
  1630 | D:2      | Succumbed to an adder's poison

Levels and vault maps discovered:
D:1:      minmay_arrival_checkered_box, layout_loops_corners, serial_forest,
          infiniplex_forest_end_double, infiniplex_forest_side_room,
          infiniplex_forest_lined_3_way, infiniplex_forest_lined_2,
          infiniplex_forest_clump_long, infiniplex_forest_fountain
D:2:      layout_basic, chequers_ecumenical_altar_simple_redux

Skill      XL: |  1  2 |
---------------+-------+-----
Air Magic      | 3 |  3.1
Conjurations   | 2 |  2.0
Dodging        | |  1.7
Stealth        | |  1.7
Spellcasting   | |  2.5

Action                   || total
-------------------------++-------
Melee: Unarmed           ||     2
       Dagger            ||     3
       Kick              ||     1
 Cast: Shock             ||    43
  Use: Potion            ||     2
       Scroll            ||     1
 Stab: Sleeping          ||     1
  Eat: Chunk             ||     3
Armor: Robe              ||     2
Dodge: Dodged            ||    14

Table legend:
 A = Non-vault XP
 B = Vault XP
 C = Vault XP percentage of total XP
 D = Non-vault monster count
 E = Vault monster count
 F = Vault count percentage of total count
                 A         B        C        D         E       F
            +---------+---------+-------+---------+---------+-------
      Total |      50 |       0 |   0.0 |      19 |       0 |   0.0
            +---------+---------+-------+---------+---------+-------
        D:1 |      34 |       0 |   0.0 |      17 |       0 |   0.0
        D:2 |      16 |       0 |   0.0 |       2 |       0 |   0.0
            +---------+---------+-------+---------+---------+-------
